 Dungeon Crawl Stone Soup version 0.29-a0-923-g6e406bff71 (console) character file.

Game seed: 11920735090761547731

1474 Ignak the Thaumaturge (level 8, 0/58 (63) HPs)
             Began as a Gnoll Hedge Wizard on July 28, 2022.
             Slain by an orc
             ... wielding the +11 mace "Goblin's Death" {vorpal, *Slow rElec rF+ SInv}
              (9 damage)
             ... on level 4 of the Dungeon.
             The game lasted 00:16:13 (7645 turns).

Ignak the Thaumaturge (Gnoll Hedge Wizard)          Turns: 7645, Time: 00:16:13

HP:   0/58 (63)     AC:  7    Str:  9    XL:     8   Next: 78%
MP:   7/21          EV: 12    Int: 16    God:
Gold: 272           SH:  0    Dex: 12    Spells: 18/25 levels left

rFire   + . .      SeeInvis .   w - +3 dagger (venom)
rCold   . . .      Faith    .   (no shield)
rNeg    . . .      Spirit   .   e - +1 ring mail {rF+}
rPois   .          Reflect  .   c - +0 hat
rElec   .          Harm     .   (no cloak)
rCorr   .          Rampage  .   (no gloves)
Will    .....                   (no boots)
Stlth   +++.......              (no amulet)
HPRegen 0.19/turn               (no ring)
MPRegen 0.17/turn               (no ring)

@: on blink cooldown, drained
A: fangs 1, strong nose, distributed training
a: no special abilities


You were on level 4 of the Dungeon.
You visited 1 branch of the dungeon, and saw 4 of its levels.
You also visited: Sewer.

You collected 272 gold pieces.

Inventory:

Hand Weapons
 a - a +3 dagger of electrocution
 b - a +2 scythe of flaming
 w - a +3 dagger of venom (weapon)
Missiles
 p - 9 poisoned darts (quivered)
Armour
 c - a +0 hat (worn)
 e - a +1 ring mail of fire resistance (worn)
 i - a +0 robe
Jewellery
 l - an amulet of guardian spirit
 o - a ring of wizardry
Wands
 u - a wand of flame (20)
Scrolls
 f - a scroll of blinking {unknown}
 j - a scroll of magic mapping
 m - a scroll of summoning
 n - a scroll of amnesia
 q - 3 scrolls of teleportation
Potions
 d - a potion of magic
 g - a potion of berserk rage
 h - 2 potions of flight
 k - 3 potions of curing


   Skills:
 + Level 5.4 Fighting
 + Level 5.4 Short Blades
 + Level 5.4 Long Blades
 + Level 5.4 Axes
 + Level 5.4 Maces & Flails
 + Level 5.4 Polearms
 + Level 5.4 Staves
 + Level 5.4 Ranged Weapons
 + Level 5.4 Throwing
 + Level 5.4 Armour
 + Level 7.2 Dodging
 + Level 6.9 Stealth
 + Level 5.4 Shields
 + Level 5.4 Unarmed Combat
 + Level 9.1 Spellcasting
 + Level 5.0 Conjurations
 + Level 4.4 Hexes
 + Level 5.0 Summonings
 + Level 4.4 Necromancy
 + Level 5.0 Translocations
 + Level 4.4 Transmutations
 + Level 4.4 Fire Magic
 + Level 4.4 Ice Magic
 + Level 4.4 Air Magic
 + Level 4.4 Earth Magic
 + Level 4.4 Poison Magic
 + Level 6.0 Invocations
 + Level 5.4 Evocations


You had 18 spell levels left.
You knew the following spells:

 Your Spells              Type           Power      Damage    Failure   Level
b - Blink                 Tloc           46%        N/A       4%          2
d - Mephitic Cloud        Conj/Pois/Air  22%        N/A       11%         3
e - Call Imp              Summ           23%        N/A       4%          2

Your spell library contained the following spells:

 Spells                   Type           Power      Damage    Failure   Level
 Apportation              Tloc           46%        N/A       3%          1
 Magic Dart               Conj           92%        1d7       3%          1
 Slow                     Hex            84%        N/A       4%          1
 Conjure Flame            Conj/Fire      22%        6-21      11%         3


Dungeon Overview and Level Annotations

Branches:
Dungeon (4/15)              Sewer (visited)
 Temple: D:4-7

Altars:
Makhleb

Shops:
D:1 ?

Annotations:
D:4 Querens's ghost, amateur MeFi


Innate Abilities, Weirdness & Mutations

You have very sharp teeth.
Your uncanny sense of smell can sniff out nearby items.
Your experience applies equally to all skills.


Message History

Confirm with . or Enter, or press ? or * to list all spells.
Aiming: Mephitic Cloud (dangerous; 11% risk of failure)
Press: ? - help, Shift-Dir - straight line, f - orc priest, p - orc
Aim: an orc priest, wielding a +0 falchion (chance to affect: 86%)
You miscast Mephitic Cloud.
You are very lightly contaminated with residual magic.
Nothing appears to happen.
The orc misses you.
Unknown command.
Unknown command.
Casting: Mephitic Cloud (dangerous; 11% risk of failure)
Confirm with . or Enter, or press ? or * to list all spells.
You blink.
The orc hits you with a +0 flail. The orc attacks as you move away!
The orc misses you.
The orc seems less confused.
Something barely misses the orc.
You feel stable enough to blink again. The orc barely misses you.
The orc priest calls upon Beogh to heal the orc.
The orc's wounds heal themselves!
The orc hits you with the +11 mace "Goblin's Death" {vorpal, *Slow rElec rF+ SInv}!
You completely miss the orc. Your punch misses the orc.
The orc hits you with the +11 mace "Goblin's Death" {vorpal, *Slow rElec rF+ SInv}!
Your magical contamination has completely faded away.
The orc attacks as you move away! The orc barely misses you.
The orc hits you with the +11 mace "Goblin's Death" {vorpal, *Slow rElec rF+ SInv}!
* * * LOW HITPOINT WARNING * * *
x2
Casting: Blink (safe; 4% risk of failure)
Confirm with . or Enter, or press ? or * to list all spells.
You blink.
Okay, then.
As you read the scroll of summoning, it crumbles to dust.
Wisps of shadow whirl around you... The orc barely misses you.
The orc priest closely misses you. The orc closely misses you.
The orc hits you with a +0 short sword.
* * * LOW HITPOINT WARNING * * *
The orc attacks as you move away! The orc hits you but does no damage.
The orc barely misses you.
You swap places.
The orc attacks as you move away!
The orc hits you with the +11 mace "Goblin's Death" {vorpal, *Slow rElec rF+ SInv}!
You die...

.....##.####.#8#..8..#8#.###.....
.....##..# #.###.....###.# ###...
....<§...###....#####....# ##...
...........#.............# #....
...##.....o######'''####### #....
....##.....8....w........8###..##
.....#.....o..Jo..........##..##
........)......oo..#########..#
..............Wo@..## ##..#
....................## #...###
.....................## ###......
......................###........
...........##..........#.........
.........###.................##≈≈
........####...............###≈≈#
....≈♣♣####................≈≈≈≈#≈
♣♣♣≈♣♣♣♣##................##≈≈≈≈≈


You could see an orc priest, Querens's ghost (ally target), 5 orcs, a friendly
worm (summoned), a friendly endoplasm (summoned) and a friendly quokka
(summoned).

Vanquished Creatures
  Sigmund (D:3)
  A phantom (D:3)
  A kobold brigand (Sewer)
  A hound (D:4)
  Natasha (D:2)
  An iguana (D:4)
  Robin (D:2)
  2 gnolls (D:2)
  3 adders
  A worm (Sewer)
  12 orcs
  4 bats
  11 endoplasms
  A giant cockroach (D:3)
  7 goblins
  5 hobgoblins
  3 jackals (D:3)
  9 kobolds
  4 quokkas (D:3)
  12 ball pythons
  3 frilled lizards
  5 rats
89 creatures vanquished.

Vanquished Creatures (collateral kills)
  A kobold brigand (Sewer)
  Natasha (twice) (D:2)
  Terence (D:2)
  3 adders
  3 gnolls (D:2)
  2 river rats (Sewer)
  4 worms (Sewer)
  A dart slug (D:3)
  An endoplasm (Sewer)
  2 giant cockroaches
  3 hobgoblins
  A quokka (D:3)
  2 ball pythons
  2 bats
  5 goblins
  5 kobolds
  3 rats (Sewer)
41 creatures vanquished.

Vanquished Creatures (others)
  15 plants (D:4)
15 creatures vanquished.

Grand Total: 145 creatures vanquished

Notes
Turn   | Place    | Note
-------+----------+-------------------------------------------
     0 | D:1      | Ignak the Gnoll Hedge Wizard began the quest for the Orb.
     0 | D:1      | Reached XP level 1. HP: 13/13 MP: 8/8
   157 | D:1      | Found Direebby's Magic Scroll Shop.
   301 | D:1      | Reached XP level 2. HP: 16/19 MP: 7/10
   305 | D:1      | Learned a level 2 spell: Blink
   308 | D:1      | Learned a level 2 spell: Call Imp
  1190 | D:2      | Reached XP level 3. HP: 18/25 MP: 8/11
  1192 | D:2      | Reached skill level 1 in Invocations
  1219 | D:2      | Reached skill level 1 in Fighting
  1219 | D:2      | Reached skill level 1 in Short Blades
  1219 | D:2      | Reached skill level 1 in Long Blades
  1219 | D:2      | Reached skill level 1 in Axes
  1219 | D:2      | Reached skill level 1 in Maces & Flails
  1219 | D:2      | Reached skill level 1 in Polearms
  1219 | D:2      | Reached skill level 1 in Staves
  1219 | D:2      | Reached skill level 1 in Ranged Weapons
  1219 | D:2      | Reached skill level 1 in Throwing
  1219 | D:2      | Reached skill level 1 in Armour
  1219 | D:2      | Reached skill level 1 in Shields
  1219 | D:2      | Reached skill level 1 in Unarmed Combat
  1219 | D:2      | Reached skill level 1 in Evocations
  1243 | D:2      | Reached XP level 4. HP: 14/32 MP: 0/13
  1634 | D:2      | Reached skill level 1 in Hexes
  1634 | D:2      | Reached skill level 1 in Necromancy
  1634 | D:2      | Reached skill level 1 in Transmutations
  1634 | D:2      | Reached skill level 1 in Fire Magic
  1634 | D:2      | Reached skill level 1 in Ice Magic
  1634 | D:2      | Reached skill level 1 in Air Magic
  1634 | D:2      | Reached skill level 1 in Earth Magic
  1634 | D:2      | Reached skill level 1 in Poison Magic
  1792 | D:2      | Noticed Terence
  1798 | D:2      | Learned a level 3 spell: Mephitic Cloud
  1839 | D:2      | Killed Terence
  1852 | D:2      | Noticed Robin
  1860 | D:2      | Noticed Natasha
  1868 | D:2      | Killed Robin
  1869 | D:2      | Reached XP level 5. HP: 18/37 MP: 3/14
  2058 | D:2      | Killed Natasha
  2523 | D:2      | Noticed Natasha
  2539 | D:2      | Killed Natasha
  2970 | D:2      | Noticed Natasha
  2977 | D:2      | Killed Natasha
  3228 | D:3      | Found a glowing drain.
  3236 | D:3      | Reached XP level 6. HP: 32/44 MP: 14/16
  3475 | Sewer    | Entered a sewer
  3588 | Sewer    | Reached skill level 5 in Dodging
  4484 | Sewer    | Reached XP level 7. HP: 39/50 MP: 18/18
  4811 | D:3      | Found a burning altar of Makhleb.
  5100 | D:3      | Noticed Sigmund
  5116 | D:3      | Killed Sigmund
  5117 | D:3      | Reached skill level 5 in Stealth
  5325 | D:3      | Found a faded altar of an unknown god.
  5336 | D:3      | Got Plato's Exposition on Dislocation
  5606 | D:3      | Reached skill level 5 in Fighting
  5606 | D:3      | Reached skill level 5 in Short Blades
  5606 | D:3      | Reached skill level 5 in Long Blades
  5606 | D:3      | Reached skill level 5 in Axes
  5606 | D:3      | Reached skill level 5 in Maces & Flails
  5606 | D:3      | Reached skill level 5 in Polearms
  5606 | D:3      | Reached skill level 5 in Staves
  5606 | D:3      | Reached skill level 5 in Ranged Weapons
  5606 | D:3      | Reached skill level 5 in Throwing
  5606 | D:3      | Reached skill level 5 in Armour
  5606 | D:3      | Reached skill level 5 in Shields
  5606 | D:3      | Reached skill level 5 in Unarmed Combat
  5606 | D:3      | Reached skill level 9 in Spellcasting
  5606 | D:3      | Reached skill level 5 in Conjurations
  5606 | D:3      | Reached skill level 5 in Summonings
  5606 | D:3      | Reached skill level 5 in Translocations
  5606 | D:3      | Reached skill level 5 in Invocations
  5606 | D:3      | Reached skill level 5 in Evocations
  5606 | D:3      | Reached XP level 8. HP: 63/63 MP: 19/21
  6166 | D:4      | Found a runed translucent gate.
  6166 | D:4      | Found a runed translucent gate.
  6166 | D:4      | Found a runed translucent gate.
  6168 | D:4      | Identified the +11 mace "Goblin's Death" {vorpal, *Slow
                  | rElec rF+ SInv}
  6168 | D:4      | Identified the +3 chain mail "Buvereak" {Contam rF+ Regen+
                  | Dex+4}
  6169 | D:4      | Noticed Querens's ghost (amateur MeFi)
  7645 | D:4      | Slain by an orc

Illustrated notes

Levels and vault maps discovered:
D:1:      giann_wishing_wells, layout_basic, serial_shops, shop,
          grunt_decor_clamped, minmay_tiny_reverse_x
D:2:      minmay_evil_eye, layout_loops_ring, minmay_misc_feat_encased,
          uniq_robin, uniq_terence, uniq_natasha
D:3:      layout_basic, overflow_temple_1_default,
          shapermc_ecumenical_altar_rom_forum, portal_sewer_entry_f,
          uniq_sigmund
D:4:      layout_layer_cave, serial_bayou, serial_bayou_lake_a,
          serial_bayou_lagoon_b, serial_bayou_pond_a, serial_bayou_pond_a,
          biasface_ghost_orc_armoury, minivault_4, st_stairs_5

Skill      XL: |  1  2  3  4  5  6  7  8 |
---------------+-------------------------+-----
Conjurations   | 2 5 |  5.0
Summonings     | 2 5 |  5.0
Translocations | 2 5 |  5.0
Invocations    | 1 2 5 6 |  6.0
Fighting       | 1 2 5 |  5.4
Short Blades   | 1 2 5 |  5.4
Long Blades    | 1 2 5 |  5.4
Axes           | 1 2 5 |  5.4
Maces & Flails | 1 2 5 |  5.4
Polearms       | 1 2 5 |  5.4
Staves         | 1 2 5 |  5.4
Ranged Weapons | 1 2 5 |  5.4
Throwing       | 1 2 5 |  5.4
Armour         | 1 2 5 |  5.4
Shields        | 1 2 5 |  5.4
Unarmed Combat | 1 2 5 |  5.4
Evocations     | 1 2 5 |  5.4
Hexes          | 1 4 |  4.4
Necromancy     | 1 4 |  4.4
Transmutations | 1 4 |  4.4
Fire Magic     | 1 4 |  4.4
Ice Magic      | 1 4 |  4.4
Air Magic      | 1 4 |  4.4
Earth Magic    | 1 4 |  4.4
Poison Magic   | 1 4 |  4.4
Dodging        | 5 7 |  7.2
Stealth        | 6 |  6.9
Spellcasting   | 9 |  9.1

Action                   |  1- 3 |  4- 6 |  7- 9 || total
-------------------------+-------+-------+-------++-------
Melee: Short sword       |    56 |       |       ||    56
       Dagger            |     1 |    17 |   137 ||   155
       Bite              |     2 |    12 |    17 ||    31
       Halberd           |       |    98 |     8 ||   106
       Punch             |       |       |     7 ||     7
Throw: Dart              |       |     1 |       ||     1
 Cast: Magic Dart        |    10 |       |       ||    10
       Call Imp          |     7 |    26 |     8 ||    41
       Mephitic Cloud    |       |     8 |     3 ||    11
       Blink             |       |     3 |     3 ||     6
  Use: Scroll            |     2 |     3 |     4 ||     9
       Potion            |       |     2 |     8 ||    10
 Stab: Sleeping          |     5 |     3 |     5 ||    13
       Confused          |       |     3 |       ||     3
Armor: Ring mail         |    26 |    11 |    21 ||    58
Dodge: Dodged            |    49 |   102 |    80 ||   231

Table legend: (Time is in decaauts)
 A = Elapsed time spent in this place.
 B = Non-inter-level travel time spent in this place.
 C = Inter-level travel time spent in this place.
 D = Time resting spent in this place.
 E = Time spent auto-exploring this place.
 F = Levels seen in this place.
 G = Mean time per level.
                   A        B        C        D        E       F      G
               +--------+--------+--------+--------+--------+-----+--------+
         Total |   7771 |   7721 |     50 |   2323 |   3541 |   5 | 1554.2 |
       Dungeon |   6521 |   6471 |     50 |   1516 |   3516 |   4 | 1630.2 |
         Sewer |   1250 |   1250 |      0 |    807 |     24 |   1 | 1250.0 |
               +--------+--------+--------+--------+--------+-----+--------+

Top non-repeatable levels by time:
     D:2: 1969 daAuts
     D:3: 1781 daAuts
     D:4: 1535 daAuts
   Sewer: 1250 daAuts
     D:1: 1234 daAuts
